 Dungeon Crawl Stone Soup version 0.30.0-18-gc0e69614cb (webtiles) character file.

Game seed: 10351760630553853352

46 Hades the Magician (level 3, 24/24 HPs)
             Began as a Human Hedge Wizard on May 24, 2023.
             Quit the game on level 2 of the Dungeon.
             The game lasted 00:08:28 (1823 turns).

Hades the Magician (Human Hedge Wizard)             Turns: 1823, Time: 00:08:29

Health: 24/24      AC:  9    Str: 10    XL:     3   Next: 92%
Magic:  7/7        EV:  5    Int: 16    God:
Gold:   38         SH:  0    Dex: 12    Spells: 7/8 levels left

rFire   . . .        e - +0 bardiche
rCold   . . .        (shield currently unavailable)
rNeg    . . .        k - +0 chain mail
rPois   .            c - +0 hat
rElec   .            (no cloak)
rCorr   .            (no gloves)
SInv    .            h - +0 pair of boots
Will    .....        (no amulet) Stlth
                     (no ring)
HPRegen 0.24/turn    (no ring)
MPRegen 0.10/turn

%: no passive effects
@: no status effects
A: no striking features
a: no special abilities


You were on level 2 of the Dungeon.
You visited 1 branch of the dungeon, and saw 2 of its levels.

You collected 38 gold pieces.

Inventory:

Hand Weapons
 a - a +0 dagger
 e - a +0 bardiche (weapon)
Armour
 b - a +0 robe
 c - a +0 hat (worn)
 h - a +0 pair of boots (worn)
 i - a +0 leather armour
 j - a +0 scale mail
 k - a +0 chain mail (worn)
Scrolls
 g - 2 scrolls of identify {unknown}
 l - a scroll of vulnerability {unknown}
 o - a scroll of enchant weapon {unknown}
Potions
 d - a potion of magic
 f - 3 potions of degeneration {unknown}
 m - a potion of flight {unknown}
 n - 2 potions of might {unknown}


   Skills:
 * Level 0.2 Fighting
 * Level 1.1 Polearms
 - Level 0.1 Armour
 + Level 2.0 Dodging
 + Level 2.0 Stealth
 * Level 3.3 Spellcasting
 * Level 1.8 Conjurations
 * Level 1.6 Summonings
 - Level 1.2 Translocations


You had 7 spell levels left.
You knew the following spells:

 Your Spells              Type           Power      Damage    Failure   Level
a - Magic Dart            Conj           32%        1d4       99%         1

Your spell library contained the following spells:

 Spells                   Type           Power      Damage    Failure   Level
 Slow                     Hex            8%         N/A       100%        1
 Blink                    Tloc           12%        N/A       100%        2
 Call Imp                 Summ           14%        N/A       100%        2
 Cigotuvi's Dreadful Rot  Necr/Pois/Air  4%         N/A       100%        2
 Mephitic Cloud           Conj/Pois/Air  4%         N/A       100%        3


Dungeon Overview and Level Annotations

Branches:
Dungeon (2/15)

Altars:

Shops:
D:2 !


Message History

The worm is severely wounded.
The worm bites you.
* * * LOW HITPOINT WARNING * * *
You slash the worm!
You kill the worm!
You start resting.
HP restored.
Found an escape hatch in the ceiling.
m - a sedimented silvery potion
n - 2 orange potions This spell is impossible to cast!
Memorise Slow, consuming 1 spell level and leaving 6?
Okay, then.
Found a scroll labelled ESUHUMNAOQ and a pair of gloves.
A ball python comes into view.
Found a scroll labelled BOICWUGONY and a scroll labelled YDOETI HAOCET.
The ball python hisses angrily.
The ball python bites you but does no damage.
The ball python grabs you. The ball python constricts you.
You escape the ball python's grasp.
The ball python bites you but does no damage.
The ball python grabs you. The ball python constricts you.
You escape the ball python's grasp.
The ball python attacks as you move away!
The ball python bites you but does no damage.
You see here a scroll labelled YDOETI HAOCET.
You hit the ball python but do no damage.
The ball python bites you but does no damage.
The ball python grabs you. The ball python constricts you.
The ball python bites you but does no damage.
The ball python constricts you.
You hit the ball python.
You kill the ball python!
You see here a ball python corpse.
You see here a ball python corpse.
o - a scroll labelled YDOETI HAOCET You see here a ball python corpse.
You see here a +0 pair of gloves.
You see here a +0 pair of gloves.
Are you sure you want to abandon this character and quit the game? (Confirm with "yes".)

.....##.##...........#
?.......##...........#
#.........#.......#
#.##.##.###.##.....###
#..?....# #.####...#
...#.##.###.# #<### ..
#.....# #.# ...
#.....# #.# ## #.@...#
#†....# #.....#
#######


There were no monsters in sight!

Vanquished Creatures
  2 adders (D:2)
  A worm (D:2)
  A dart slug (D:2)
  An orc (D:2)
  A bat (D:1)
  4 endoplasms
  2 giant cockroaches
  2 hobgoblins (D:1)
  2 kobolds
  3 ball pythons
  3 rats
22 creatures vanquished.

Notes
Turn   | Place    | Note
-------+----------+-------------------------------------------
     0 | D:1      | Hades the Human Hedge Wizard began the quest for the Orb.
     0 | D:1      | Reached XP level 1. HP: 13/13 MP: 4/4
  1102 | D:1      | Reached XP level 2. HP: 5/19 MP: 6/6
  1230 | D:1      | Found a faded altar of an unknown god.
  1406 | D:2      | Found Isuziunyl's Distillery.
  1452 | D:2      | Reached XP level 3. HP: 11/24 MP: 7/7
  1622 | D:2      | Reached skill level 1 in Polearms
  1823 | D:2      | Quit the game

Illustrated notes

Levels and vault maps discovered:
D:1:      psy_arrival_conway, layout_basic,
          hellmonk_ecumenical_altar_arch_garden
D:2:      layout_loops_cross, serial_shops, shop, ebering_dispersal_statue_hall

Skill      XL: |  1  2  3 |
---------------+----------+-----
Polearms       | 1 |  1.1
Fighting       | |  0.2
Armour         | |  0.1
Dodging        | |  2.0
Stealth        | |  2.0
Spellcasting   | |  3.3
Conjurations   | |  1.8
Summonings     | |  1.6
Translocations | |  1.2

Action                     || total
---------------------------++-------
  Melee: Dagger            ||   495
         Bardiche          ||   190
         Punch             ||    11
 Armour: Robe              ||     6
         Chain mail        ||    90
         Leather armour    ||    21
         Scale mail        ||     8
  Dodge: Dodged            ||   102
